 Dungeon Crawl Stone Soup version 0.25-a0-258-g6d7e32a812 (webtiles) character file.

Game seed: 920644395018960334, levelgen mode: deterministic

170 Essalna the Slasher (level 5, -1/42 HPs)
             Began as a Demonspawn Gladiator on Dec 6, 2019.
             Slain by a wyvern zombie (8 damage)
             ... on level 3 of the Dungeon.
             The game lasted 00:07:44 (3295 turns).

Essalna the Slasher (Demonspawn Gladiator)          Turns: 3295, Time: 00:07:45

Health: -1/42      AC:  8    Str: 15    XL:     5   Next: 26%
Magic:  5/5        EV: 11    Int: 10    God:
Gold:   141        SH:  6    Dex: 14    Spells: 4/4 levels left

rFire    + . .     SeeInvis .   w - -1 long sword (curse)
rCold    . . .     Gourm    .   m - +0 buckler
rNeg     . . .     Faith    .   v - +0 ring mail (curse)
rPois    .         Spirit   .   c - +1 helmet
rElec    .         Reflect  +   (no cloak)
rCorr    .         Harm     .   (no gloves)
MR       .....                  u - +0 pair of boots
Stlth    +.........             s - +3 amulet of reflection
HPRegen  0.14/turn              (no ring)
MPRegen  0.09/turn              (no ring)

@: no status effects
A: fire resistance 1
a: no special abilities


You were on level 3 of the Dungeon.
You were not hungry.

You visited 1 branch of the dungeon, and saw 3 of its levels.
You also visited: Sewer.

You collected 141 gold pieces.

Inventory:

Hand Weapons
 a - a +0 long sword
 j - a +2 dagger of flaming
 w - a cursed -1 long sword (weapon)
Armour
 b - a +0 leather armour
 c - a +1 helmet (worn)
 m - a +0 buckler (worn)
 u - a +0 pair of boots (worn)
 v - a cursed +0 ring mail (worn)
Jewellery
 s - a +3 amulet of reflection (around neck)
Wands
 k - a wand of paralysis (9)
Scrolls
 e - 5 scrolls of identify
 l - 3 scrolls of teleportation
 p - a scroll of amnesia
Potions
 g - a potion of haste
 h - 2 potions of heal wounds {unknown}
 i - 2 potions of curing {unknown}
 o - a potion of invisibility {unknown}
Comestibles
 f - 7 rations
 n - 3 chunks of flesh


   Skills:
 + Level 4.1 Fighting
 + Level 4.2 Long Blades
 - Level 1.7 Throwing
 - Level 2.6 Dodging
 + Level 0.4 Shields


You had 4 spell levels left.
You didn't know any spells.
Your spell library was empty.

Dungeon Overview and Level Annotations

Branches:
Dungeon (3/15)              Sewer (visited)

Altars:


Innate Abilities, Weirdness & Mutations

Your flesh is heat resistant. (rF+)


Message History

The wyvern zombie bites you!
* * * LOW HITPOINT WARNING * * *
Firing (i - inventory) No suitable missiles.
Press: ? - help, Shift-Dir - straight line, f/p - wyvern zombie
Aim: a wyvern zombie (almost destroyed)
Okay, then.
Firing (i - inventory) No suitable missiles.
Press: ? - help, Shift-Dir - straight line, f/p - wyvern zombie
Aim: a wyvern zombie (almost destroyed)
Okay, then.
You barely miss the wyvern zombie.
The wyvern zombie is almost destroyed.
The wyvern zombie closely misses you.
You riposte.
You hit the wyvern zombie but do no damage.
The wyvern zombie is almost destroyed.
You hit the wyvern zombie.
The wyvern zombie is almost destroyed.
The wyvern zombie bites you but does no damage.
The wyvern zombie bites you!
You die...

#............# #....# ##
#.##########.# #....# #.
#.#.....g..#.# #....# #.
#.##.#.#.#.#.# #....# #.
#.#.....Z@................
#########..#.#######........###.
####....#.# #####......).# #.
#.........###...#......รท.###.
#.##............'........'...
#.########.##...#........###.
#.# #.##...#........# #. #.#
#.##...#........# #. #.#
#.##...#...###### #.


You could see a wyvern zombie.

Vanquished Creatures
  A crocodile (Sewer)
  2 oozes
  2 worms
  A dart slug (D:1)
  4 leopard geckos
  3 orcs (D:3)
  6 giant cockroaches
  6 goblins
  9 hobgoblins
  10 jackals
  9 bats
  2 frilled lizards (D:1)
  9 kobolds
  4 rats
68 creatures vanquished.

Notes
Turn   | Place    | Note
-------+----------+-------------------------------------------
     0 | D:1      | Essalna the Demonspawn Gladiator began the quest for the
                  | Orb.
     0 | D:1      | Reached XP level 1. HP: 16/16 MP: 1/1
   371 | D:1      | Gained mutation: Your flesh is heat resistant. (rF+)
                  | [demonic ancestry]
   371 | D:1      | Reached XP level 2. HP: 17/23 MP: 2/2
   693 | D:1      | Reached XP level 3. HP: 20/28 MP: 3/3
  2117 | D:3      | Found a glowing drain.
  2141 | Sewer    | Entered a sewer
  2165 | Sewer    | Reached XP level 4. HP: 21/35 MP: 4/4
  2333 | Sewer    | Noticed a crocodile
  2342 | Sewer    | Killed a crocodile
  2342 | Sewer    | Reached XP level 5. HP: 42/42 MP: 5/5
  3295 | D:3      | Slain by a wyvern zombie

Levels and vault maps discovered:
D:1:      saegor_arrival_under_anarchy, layout_basic
D:2:      wander_river, layout_loops_ring
D:3:      layout_basic, gup_sewer_entry_pipe

Skill      XL: |  1  2  3  4  5 |
---------------+----------------+-----
Long Blades    | 3 4 |  4.2
Fighting       | 3 4 |  4.1
Throwing       | |  1.7
Dodging        | |  2.6
Shields        | |  0.4

Action                   |  1- 3 |  4- 6 || total
-------------------------+-------+-------++-------
Melee: Long sword        |    42 |    37 ||    79
       Dagger            |   110 |    57 ||   167
Throw: Throwing net      |       |     5 ||     5
  Use: Scroll            |     4 |     3 ||     7
 Stab: Held in net/web   |       |     2 ||     2
  Eat: Chunk             |     4 |     4 ||     8
Armor: Leather armour    |    52 |     8 ||    60
       Ring mail         |       |    15 ||    15
Dodge: Dodged            |   111 |    39 ||   150
Block: Buckler           |       |    21 ||    21
       Reflection        |       |     1 ||     1
       Rpst.: Long sword |    16 |     4 ||    20

Table legend:
 A = Non-vault XP
 B = Vault XP
 C = Vault XP percentage of total XP
 D = Non-vault monster count
 E = Vault monster count
 F = Vault count percentage of total count
                 A         B        C        D         E       F
            +---------+---------+-------+---------+---------+-------
      Total |     116 |     128 |  52.5 |      55 |      13 |  19.1
            +---------+---------+-------+---------+---------+-------
        D:1 |      55 |       0 |   0.0 |      29 |       0 |   0.0
        D:2 |      18 |       0 |   0.0 |       8 |       0 |   0.0
        D:3 |      43 |      17 |  28.3 |      18 |       7 |  28.0
      Sewer |       0 |     111 | 100.0 |       0 |       6 | 100.0
            +---------+---------+-------+---------+---------+-------
